[Event "Early-Titled-Tuesday-Blitz-May-07-2024"]
[Site "Chess.com"]
[Date "2024.05.07"]
[Round "1"]
[White "Ziyamammadov"]
[Black "RobRam"]
[Result "0-1"]
[WhiteElo "1977"]
[BlackElo "2553"]
[TimeControl "180+1"]
[EndTime "8:05:31 PDT"]
[Termination "RobRam won by resignation"]

1. e4 d6 2. d4 g6 3. Nc3 Bg7 4. Bc4 Nf6 5. f3 c6 6. Be3 O-O 7. Qd2 b5 8. Bb3 a5 9. a3 Nbd7 10. g4 Ba6 11. g5 Nh5 12. f4 b4 13. axb4 axb4 14. Nce2 Bxe2 15. Rxa8 Qxa8 16. Nxe2 Qa1+ 17. Qc1 Qxc1+ 18. Nxc1 c5 19. c3 bxc3 20. bxc3 Rb8 21. O-O cxd4 22. cxd4 Rb4 23. Rd1 e6 24. Rd3 Nb6 25. Ne2 Nc4 26. Bf2 d5 27. e5 Bf8 28.
Be1 Rb7 29. Rc3 Bb4 30. Rxc4 dxc4 0-1

[Event "Early-Titled-Tuesday-Blitz-May-07-2024"]
[Site "Chess.com"]
[Date "2024.05.07"]
[Round "1"]
[White "NigiriSushies"]
[Black "Zurability"]
[Result "0-1"]
[WhiteElo "2421"]
[BlackElo "2738"]
[TimeControl "180+1"]
[EndTime "8:05:33 PDT"]
[Termination "Zurability won on time"]

1. e4 c5 2. Nf3 d6 3. d4 cxd4 4.
Nxd4 Nf6 5. Nc3 g6 6. Be3 Bg7 7.
f3 a6 8. Qd2 Nbd7 9. O-O-O b5 10. a3 Bb7 11. Kb1 Rc8 12. h4 h5 13. Bd3 Qc7 14. Rdg1 Ne5 15. Bg5 Nc4 16. Bxc4 Qxc4 17. Nde2 Nd7 18. g4 b4 19. axb4 Qxb4 20. gxh5 Rxh5 21.
Rd1 Ne5 22. Nd5 Qxd2 23. Rxd2 Nxf3 24. Rdd1 Nxg5 25. hxg5 Rxg5 26. Nef4 e6 27. Nb6 Rc6 28. Na4 Rc4 29. Nb6 Rb4 30. Rxd6 Bxe4 31. Kc1 Bxh1 0-1

[Event "Early-Titled-Tuesday-Blitz-May-07-2024"]
[Site "Chess.com"]
[Date "2024.05.07"]
[Round "1"]
[White "mjray79"]
[Black "Triumphmate"]
[Result "1-0"]
[WhiteElo "2732"]
[BlackElo "2419"]
[TimeControl "180+1"]
[EndTime "8:05:35 PDT"]
[Termination "mjray79 won by resignation"]

1. e4 d5 2. Nc3 Nf6 3. exd5 Bg4 4. Be2 Bxe2 5. Ngxe2 c6 6. dxc6 Nxc6 7. d4 e6 8. O-O Bd6 9. Bg5 Bxh2+ 10. Kh1 Bd6 11. Ne4 Be7 12. Nxf6+ Bxf6 13. Bxf6 Qxf6 14. Qd3 O-O 15.
Rad1 Rfd8 16. c3 Rd5 17. g3 Rad8 18. Qe4 h6 19. Kg2 e5 20. c4 R5d7 21. d5 Ne7 22.
Nc3 b6 23. f4 exf4 24. Rxf4 Qd6 25. Rxf7 Kxf7 26. Qh7 Ng6 27. Rf1+ Ke8 28. Ne4 Qe5 29. Qxg6+ 1-0

[Event "Early-Titled-Tuesday-Blitz-May-07-2024"]
[Site "Chess.com"]
[Date "2024.05.07"]
[Round "1"]
[White "Noki102"]
[Black "GMT4114"]
[Result "1-0"]
[WhiteElo "2553"]
[BlackElo "1978"]
[TimeControl "180+1"]
[EndTime "8:05:35 PDT"]
[Termination "Noki102 won by resignation"]

1. e4 e6 2. Nf3 d5 3. Nc3 d4 4. Ne2 c5 5. Ng3 Nc6 6. Bb5 Bd7 7. O-O Bd6 8. a4 e5 9. d3 Nge7 10. Nh4 g6 11. Bg5 Qc7 12. Bf6 Rg8 13. a5 a6 14.
Bc4 Nxa5 15. Bd5 Nxd5 16. exd5 b6 17. Ne4 Nb7 18. Nf3 Bg4 19. h3 Bxf3 20. Qxf3 Be7 21. Bxe7 Kxe7 22. Qf6+ Ke8 23. d6 Qd8 24. Qxe5+ Kd7 25.
Nf6+ Kc6 26. Qd5+ Kb5 27. Nxg8 Qxg8 28. Qxb7 1-0

[Event "Early-Titled-Tuesday-Blitz-May-07-2024"]
[Site "Chess.com"]
[Date "2024.05.07"]
[Round "1"]
[White "MagnusCarlsen"]
[Black "Perecke"]
[Result "1-0"]
[WhiteElo "3233"]
[BlackElo "2543"]
[TimeControl "180+1"]
[EndTime "8:05:38 PDT"]
[Termination "MagnusCarlsen won by resignation"]

1. a4 d5 2. Ra3 Nf6 3. g3 g6 4. Bg2 Bg7 5. Nf3 O-O 6. O-O Nbd7 7. b4 c6 8. Bb2 Re8 9. c4 e5 10. Qc2 a5 11. bxa5 d4 12. d3 Rxa5 13. Nbd2 Nc5 14. Nb3 Nxb3 15. Qxb3 Nd7 16. Bc1 Nc5 17. Qc2 e4 18.
Ng5 exd3 19. exd3 Bf5 20. Bd2 Rxa4 21. Rxa4 Bxd3 22. Qa2 Bxf1 23. Bxf1 Nxa4 24. Qxa4 Bh6 25. Nxf7 Kxf7 26. Bxh6 g5 27. Qc2 d3 28. Qxd3 Qxd3 29.
Bxd3 Kf6 30. h4 gxh4 31. g4 Re1+ 32. Kg2 Re7 33. Kh3 Rd7 34. Bf5 Rd1 35. c5 Rd5 36. Bxh7 Rxc5 37. f4 Rc1 38. g5+ Kf7 39. g6+ Ke7 40.
g7 Rg1 41. Bg5+ 1-0

[Event "Early-Titled-Tuesday-Blitz-May-07-2024"]
[Site "Chess.com"]
[Date "2024.05.07"]
[Round "1"]
[White "ab-lsv"]
[Black "Caroexpert"]
[Result "0-1"]
[WhiteElo "2383"]
[BlackElo "2677"]
[TimeControl "180+1"]
[EndTime "8:05:38 PDT"]
[Termination "Caroexpert won by resignation"]

1. d4 Nf6 2. c4 e6 3. Nc3 Bb4 4.
Qc2 d5 5. cxd5 exd5 6. Bg5 c6 7. e3 h6 8. Bh4 g5 9. Bg3 Ne4 10.
Bd3 Bf5 11. Ne2 Qe7 12. O-O-O Nd7 13. Kb1 Bg6 14. f3 Nxg3 15. Nxg3 Bxd3 16. Qxd3 O-O-O 17. h4 Nb6 18. hxg5 hxg5 19. Rxh8 Rxh8 20. e4 dxe4 21. fxe4 Rd8 22. e5 Kb8 23. Nce4 c5 24. Nd6 cxd4 25.
Qxd4 Bxd6 26. Nf5 Qe6 27. Nxd6 Nc8 28. Qd2 Qxe5 0-1

[Event "Early-Titled-Tuesday-Blitz-May-07-2024"]
[Site "Chess.com"]
[Date "2024.05.07"]
[Round "1"]
[White "FaustinoOro"]
[Black "MaiqMaster"]
[Result "1-0"]
[WhiteElo "2884"]
[BlackElo "2493"]
[TimeControl "180+1"]
[EndTime "8:05:41 PDT"]
[Termination "FaustinoOro won by resignation"]

1. e4 c5 2. Nf3 e6 3. d4 cxd4 4. Nxd4 Nc6 5. Nc3 Qc7 6. Be3 a6 7. Qf3 Nf6 8. O-O-O Ne5 9. Qg3 b5 10. f4 Neg4 11. Bg1 h5 12. Bd3 b4 13. Nb1 d5 14.
e5 Ne4 15. Qe1 Bb7 16. h3 Nh6 17. g4 Rc8 18. Nd2 Nc5 19. Be2 a5 20. Kb1 Be7 21.
N2f3 O-O 22. f5 exf5 23. g5 Bxg5 24. Nxg5 Qxe5 25. Ngf3 Qc7 26. Bh2 Qb6 27. Bf4 Na4 28.
Ka1 Rfe8 29. Qg3 Rxe2 30. Nxe2 Rxc2 31. Rd2 Qc5 32. Bxh6 g6 33. Qe5 1-0

[Event "Early-Titled-Tuesday-Blitz-May-07-2024"]
[Site "Chess.com"]
[Date "2024.05.07"]
[Round "1"]
[White "Rud_Makarian"]
[Black "Lucky_Puncher"]
[Result "1-0"]
[WhiteElo "3054"]
[BlackElo "2532"]
[TimeControl "180+1"]
[EndTime "8:05:44 PDT"]
[Termination "Rud_Makarian won by checkmate"]

1. d4 Nf6 2. c4 g6 3. Nc3 Bg7 4. e4 d6 5. Be2 O-O 6. Be3 e5 7. d5 Na6 8. g4 Nc5 9. f3 a5 10.
h4 h5 11. g5 Ne8 12. Nh3 c6 13. Nf2 Nc7 14. Qd2 cxd5 15. cxd5 Bd7 16. Nd3 Nxd3+ 17.
Bxd3 b5 18. Rc1 b4 19. Nd1 Nb5 20. Nf2 Nd4 21. Bxd4 exd4 22. f4 f6 23. Rg1 fxg5 24. Rxg5 Be8 25. f5 Bf6 26. Rg2 Bxh4 27. Ke2 g5 28. Rh1 Kh7 29. Rxh4 gxh4 30. e5 Rg8 31. f6+ Bg6 32. Rxg6 Rxg6 33. Qg5 Qg8 34. Qxh5# 1-0

[Event "Early-Titled-Tuesday-Blitz-May-07-2024"]
[Site "Chess.com"]
[Date "2024.05.07"]
[Round "1"]
[White "ErikRonka"]
[Black "ckgchess"]
[Result "0-1"]
[WhiteElo "2500"]
[BlackElo "2905"]
[TimeControl "180+1"]
[EndTime "8:05:44 PDT"]
[Termination "ckgchess won by checkmate"]

1. e4 c5 2. Nf3 d6 3. Bb5+ Nd7 4. d4 cxd4 5. Qxd4 a6 6. Bxd7+ Bxd7 7. c4 e5 8. Qd3 b5 9. Nc3 Qb6 10. Nd5 Qb7 11.
O-O Rc8 12. b3 Ne7 13. Be3 Nxd5 14. cxd5 Be7 15. Rfc1 O-O 16. Rxc8 Rxc8 17. Rc1 f5 18. exf5 Rxc1+ 19. Bxc1 Qc8 20. Be3 Bxf5 21. Qd2 Be4 22. Ne1 Qb7 23. Qa5 Bxd5 24. h3 h6 25. Bb6 Kh7 26. f3 Qc6 27. Nd3 Qc2 28. Nf2 Bg5 29. Qxa6 Qc1+ 30. Kh2 Bf4+ 31. g3 Bxf3 32. gxf4 Qf1 33.
Kg3 Qg2+ 34. Kh4 g5+ 35. fxg5 Qxg5# 0-1

[Event "Early-Titled-Tuesday-Blitz-May-07-2024"]
[Site "Chess.com"]
[Date "2024.05.07"]
[Round "1"]
[White "biveklama"]
[Black "DanielNaroditsky"]
[Result "0-1"]
[WhiteElo "2534"]
[BlackElo "3072"]
[TimeControl "180+1"]
[EndTime "8:05:46 PDT"]
[Termination "DanielNaroditsky won on time"]

1. e4 c5 2. Nf3 d6 3. d4 cxd4 4. Nxd4 Nf6 5. Nc3 a6 6. h3 e5 7.
Nb3 Be7 8. Be3 Be6 9. g4 O-O 10. g5 Nfd7 11. h4 a5 12. a3 a4 13. Nd2 Nc6 14.
Nc4 Nd4 15. Bxd4 exd4 16. Qxd4 Rc8 17. Nxd6 Rc6 18. Nf5 Bxf5 19. exf5 Bc5 20. Qd2 Re8+ 21. Be2 Rd6 22. Qf4 Rd4 23. Qg3 Bd6 24. Qg2 Qb6 25. Rd1 Qxb2 26. Rxd4 Qxc3+ 27. Rd2 Bf4 28. Qd5 Nc5 29. Kf1 Bxd2 30. Kg2 Bf4 31. Bf3 Qe5 0-1

[Event "Early-Titled-Tuesday-Blitz-May-07-2024"]
[Site "Chess.com"]
[Date "2024.05.07"]
[Round "1"]
[White "yobdc"]
[Black "Oleksandr_Bortnyk"]
[Result "0-1"]
[WhiteElo "2534"]
[BlackElo "3054"]
[TimeControl "180+1"]
[EndTime "8:05:49 PDT"]
[Termination "Oleksandr_Bortnyk won on time"]

1. Nf3 Nf6 2. g3 b6 3. Bg2 Bb7 4. O-O g6 5. d3 d5 6. a4 a5 7. Nc3 Bg7 8. e4 dxe4 9. Ng5 O-O 10. Ngxe4 Nxe4 11. Nxe4 Ra7 12. Bg5 Bxb2 13. Rb1 Bg7 14.
Qd2 Re8 15. Rfe1 Nd7 16. h4 h5 17. Re2 Ne5 18. Rbe1 Qd4 19. Be3 Qxa4 20. Bh6 Qd4 21. Bxg7 Kxg7 22. Ng5 Bxg2 23. Rxe5 Ba8 24. Rxe7 Rxe7 25.
Rxe7 Bd5 26. c4 c5 27. Re1 Bc6 28. Kh2 a4 29. Qe2 a3 0-1

[Event "Early-Titled-Tuesday-Blitz-May-07-2024"]
[Site "Chess.com"]
[Date "2024.05.07"]
[Round "1"]
[White "JosefineHeinemann"]
[Black "Hikaru"]
[Result "0-1"]
[WhiteElo "2543"]
[BlackElo "3233"]
[TimeControl "180+1"]
[EndTime "8:05:50 PDT"]
[Termination "Hikaru won by resignation"]

1. e4 a6 2. d4 e6 3. Nf3 d5 4. Nbd2 c5 5. exd5 exd5 6. Bd3 c4 7. Be2 b5 8. b3 Nc6 9. a4 Rb8 10. Nf1 Bd6 11. Ne3 Nge7 12. O-O O-O 13. axb5 axb5 14.
bxc4 dxc4 15. c3 Ng6 16. Ba3 Nf4 17. Bxd6 Qxd6 18. Re1 Ne7 19. Bf1 Bb7 20. g3 Nfd5 21. Nxd5 Nxd5 22. Qd2 b4 23. cxb4 c3 24. Qe2 Nxb4 25.
Bg2 Bxf3 26. Qxf3 Qxd4 27. Red1 Qc5 28. Rac1 c2 29. Re1 Rfd8 30. Bf1 Na2 31. Qe4 Nxc1 32.
Rxc1 Rd2 33. Qf4 Rbd8 34. Kg2 g5 35. Qf3 R8d5 36. Be2 Rf5 37. Qe3 Qxe3 38. fxe3 Rxe2+ 0-1

[Event "Early-Titled-Tuesday-Blitz-May-07-2024"]
[Site "Chess.com"]
[Date "2024.05.07"]
[Round "1"]
[White "Seochesspie"]
[Black "zsizsi99"]
[Result "0-1"]
[WhiteElo "2846"]
[BlackElo "2503"]
[TimeControl "180+1"]
[EndTime "8:05:50 PDT"]
[Termination "zsizsi99 won by resignation"]

1. e4 c5 2. Nf3 Nc6 3. Bb5 Nd4 4. Nxd4 cxd4 5. O-O a6 6. Ba4 g6 7. d3 Bg7 8. f4 b5 9. Bb3 d6 10. Nd2 Nf6 11. h3 O-O 12. Nf3 Qb6 13. Qe1 Nd7 14.
Qh4 Nc5 15. f5 Nxb3 16. axb3 gxf5 17. Bh6 f6 18. Bxg7 Kxg7 19. exf5 Bxf5 20. Nxd4 Bd7 21.
Kh1 e5 22. Nf5+ Bxf5 23. Rxf5 Ra7 24. Raf1 Raf7 25. Qg4+ Kh8 26. Qf3 Qd8 27. Qc6 Rc7 28.
Qxa6 Rxc2 29. Qxb5 Rxb2 30. Qd5 Rc2 31. d4 Rd2 32.
Qe6 Rxd4 33. Rxf6 Rxf6 34. Rxf6 Qg8 35. Rf7 Rf4 36. Rxf4 Qxe6 0-1

[Event "Early-Titled-Tuesday-Blitz-May-07-2024"]
[Site "Chess.com"]
[Date "2024.05.07"]
[Round "1"]
[White "HeroWilczek"]
[Black "AnaKuchava"]
[Result "1-0"]
[WhiteElo "2578"]
[BlackElo "2186"]
[TimeControl "180+1"]
[EndTime "8:05:50 PDT"]
[Termination "HeroWilczek won on time"]

1. Nf3 d5 2. b3 c5 3. Bb2 Nc6 4. c4 e6 5. e3 Nf6 6. cxd5 exd5 7. Bb5 Be7 8. O-O O-O 9. d4 Bd7 10. Bxc6 Bxc6 11. Ne5 Rc8 12. Nc3 a6 13. Rc1 Re8 14. h3 h6 15. Re1 b5 16. Nxc6 Rxc6 17. dxc5 Bxc5 18. Qf3 Ne4 19. Red1 Nxc3 20. Rxc3 Rc8 21. Rcd3 Qe7 22. Rxd5 Red8 23. Qg4 f6 24. Rd7 Rxd7 25.
Rxd7 Qf8 26. Rxg7+ Qxg7 27. Qxc8+ 1-0

[Event "Early-Titled-Tuesday-Blitz-May-07-2024"]
[Site "Chess.com"]
[Date "2024.05.07"]
[Round "1"]
[White "BirdMaster3000"]
[Black "Larina_Maria"]
[Result "1-0"]
[WhiteElo "2640"]
[BlackElo "2345"]
[TimeControl "180+1"]
[EndTime "8:05:52 PDT"]
[Termination "BirdMaster3000 won by resignation"]

1. f4 d5 2. Nf3 c5 3. e3 Nc6 4. Bb5 Bd7 5. O-O a6 6. Bxc6 Bxc6 7. Ne5 Qd6 8. b3 Nf6 9. Bb2 g6 10. d3 Bg7 11. Nd2 O-O 12. Ndf3 Rad8 13. Qe2 b5 14.
a3 Bb7 15. b4 Rc8 16. Bc3 Nd7 17. Nxd7 Qxd7 18. Bxg7 Kxg7 19. bxc5 Rxc5 20. Nd4 Rfc8 21. f5 Rc3 22. Rf3 Rf8 23. Qe1 Qc8 24. Qh4 Bc6 25. Qxe7 Qd7 26. Ne6+ 1-0

[Event "Early-Titled-Tuesday-Blitz-May-07-2024"]
[Site "Chess.com"]
[Date "2024.05.07"]
[Round "1"]
[White "ScofieldMichael01"]
[Black "Alina_Gumerovna"]
[Result "1-0"]
[WhiteElo "2572"]
[BlackElo "2172"]
[TimeControl "180+1"]
[EndTime "8:05:52 PDT"]
[Termination "ScofieldMichael01 won on time"]

1. d4 Nf6 2. c4 g6 3. Nc3 Bg7 4. e4 d6 5. f3 O-O 6. Be3 e5 7.
Nge2 Ne8 8. Qd2 Nc6 9. O-O-O f5 10. exf5 gxf5 11. dxe5 Nxe5 12. Nf4 a6 13. h4 Nf6 14. h5 Bh6 15. Nfd5 Bxe3 16. Qxe3 c6 17. Qg5+ Kf7 18.
Ne3 Rg8 19. Qf4 Qd7 20. h6 Qe6 21. Be2 Ng6 22. Qd4 c5 23. Qd2 b6 24. Bd3 Bb7 25. Nxf5 Rae8 26. Rhe1 1-0

[Event "Early-Titled-Tuesday-Blitz-May-07-2024"]
[Site "Chess.com"]
[Date "2024.05.07"]
[Round "1"]
[White "ravengelic"]
[Black "Acva-Alenok"]
[Result "1-0"]
[WhiteElo "2630"]
[BlackElo "2331"]
[TimeControl "180+1"]
[EndTime "8:05:54 PDT"]
[Termination "ravengelic won on time"]

1. d4 Nf6 2. Bf4 d5 3. e3 c5 4. c3 Qb6 5. Nf3 Nc6 6. Na3 c4 7. b3 e5 8. dxe5 Bxa3 9. exf6 Bb2 10. fxg7 Bxc3+ 11. Nd2 Bxg7 12. bxc4 Bxa1 13. Qxa1 d4 14. Be2 Rg8 15. O-O Be6 16. Rb1 Qc5 17. Ne4 Qa3 18. Nf6+ Ke7 19. Nxg8+ Rxg8 20. Rxb7+ Ke8 21.
Bf3 Qa6 22. Rc7 Ne7 23. Qxd4 Qxa2 24. h3 Bxh3 25. Rxe7+ Kxe7 26. Qd6+ 1-0

[Event "Early-Titled-Tuesday-Blitz-May-07-2024"]
[Site "Chess.com"]
[Date "2024.05.07"]
[Round "1"]
[White "DarZay"]
[Black "Yan_Dyomin2010"]
[Result "1-0"]
[WhiteElo "2335"]
[BlackElo "2609"]
[TimeControl "180+1"]
[EndTime "8:05:55 PDT"]
[Termination "DarZay won by resignation"]

1. e4 c5 2. Nf3 Nc6 3. d4 cxd4 4. Nxd4 Nf6 5. Nc3 e5 6. Ndb5 d6 7. Na3 Be7 8. Be2 Be6 9. f3 d5 10. exd5 Nxd5 11. Nxd5 Qxd5 12. Qxd5 Bxd5 13. Nb5 O-O-O 14. Be3 a6 15. Na7+ Nxa7 16. Bxa7 f6 17. a3 Be6 18. Bb6 Rd6 19. Bc5 Rd7 20. Bxe7 Rxe7 21. O-O-O Rd8 22.
Rxd8+ Kxd8 23. Rd1+ Rd7 24. Rxd7+ Kxd7 25. Bd3 h6 26. g4 Bd5 27. Be4 Kd6 28. Kd2 b5 29.
b4 Bc6 30. Ke3 Bd7 31. h4 Bc8 32. h5 Kc7 33. c3 Be6 34. Kd3 Kb6 35. Ke3 a5 36.
Bg6 axb4 37. axb4 Kc6 38. Be4+ Kd6 39. Bd3 Bd7 40. Be4 Bc6 41. Bxc6 Kxc6 42. Ke4 Kd6 43. Kf5 Kd5 44. Kg6 Kc4 45. Kxg7 Kxc3 46. Kxh6 Kxb4 47. Kg7 Kc3 48. h6 b4 49. h7 1-0

[Event "Early-Titled-Tuesday-Blitz-May-07-2024"]
[Site "Chess.com"]
[Date "2024.05.07"]
[Round "1"]
[White "jinbojinbo"]
[Black "briesmas"]
[Result "1-0"]
[WhiteElo "2618"]
[BlackElo "2289"]
[TimeControl "180+1"]
[EndTime "8:05:55 PDT"]
[Termination "jinbojinbo won on time"]

1. c4 c5 2. Nc3 Nc6 3. Nf3 g6 4. e3 Bg7 5. d4 d6 6. Be2 Nf6 7. O-O O-O 8. b3 cxd4 9. exd4 d5 10. Bb2 Bf5 11. Re1 e6 12. Bf1 Ne4 13. c5 Qf6 14. Nxe4 dxe4 15. Ne5 Nxe5 16. dxe5 Qg5 17. Qc1 Qh4 18. g3 Qe7 19. Qe3 Rfd8 20. Rad1 Qc7 21. Rd6 Bf8 22. Red1 Bxd6 23. exd6 Qc6 24. Qd4 e5 25.
Qxe5 f6 26. Qxf6 Qe8 27. Bc4+ 1-0

[Event "Early-Titled-Tuesday-Blitz-May-07-2024"]
[Site "Chess.com"]
[Date "2024.05.07"]
[Round "1"]
[White "JRenatoMaranhao"]
[Black "RebelJohnny"]
[Result "0-1"]
[WhiteElo "2100"]
[BlackElo "2560"]
[TimeControl "180+1"]
[EndTime "8:05:56 PDT"]
[Termination "RebelJohnny won on time"]

1. e4 c5 2. d4 cxd4 3. c3 dxc3 4. Nxc3 Nc6 5. Nf3 d6 6. Bc4 a6 7. O-O Nf6 8. Bg5 e6 9. Qe2 h6 10. Bh4 g5 11. Bg3 Nh5 12. Rac1 Nxg3 13. fxg3 Bg7 14. e5 d5 15. Bd3 g4 16. Nh4 Nxe5 17. Bb1 Bd7 18. Nxd5 exd5 19. Nf5 Bxf5 20. Rxf5 O-O 21. Rxe5 Bxe5 22. Qxe5 Qg5 23. Qc3 Rac8 24. Qxc8 Rxc8 25. Rxc8+ Kg7 26. Bc2 Qe3+ 27. Kf1 d4 28. Bb3 d3 29. Rc7 Qe2+ 0-1

[Event "Early-Titled-Tuesday-Blitz-May-07-2024"]
[Site "Chess.com"]
[Date "2024.05.07"]
[Round "1"]
[White "remyrushbrooke"]
[Black "arenal72"]
[Result "0-1"]
[WhiteElo "2284"]
[BlackElo "2612"]
[TimeControl "180+1"]
[EndTime "8:05:57 PDT"]
[Termination "arenal72 won by resignation"]

1. Nf3 d6 2. d4 Nf6 3. g3 g6 4. Bg2 Bg7 5. c4 O-O 6. Nc3 Nbd7 7. O-O e5 8. dxe5 dxe5 9. h3 Qe7 10. Be3 c6 11. Nd2 Nc5 12. b4 Ne6 13. c5 Rd8 14. Rc1 Nd5 15. Nxd5 cxd5 16. Nb3 Bd7 17. Qc2 Bb5 18.
Rfd1 d4 19. Bd2 Bxe2 20. Re1 Bb5 21. Na5 d3 22. Qb1 Rab8 23. Be4 Nd4 24. a4 Ne2+ 25. Rxe2 dxe2 26. Be3 Bxa4 27. b5 Rd1+ 28. Rxd1 exd1=Q+ 29. Qxd1 Bxd1 0-1

[Event "Early-Titled-Tuesday-Blitz-May-07-2024"]
[Site "Chess.com"]
[Date "2024.05.07"]
[Round "1"]
[White "BM223344"]
[Black "giovannibrandao7"]
[Result "1-0"]
[WhiteElo "2619"]
[BlackElo "2303"]
[TimeControl "180+1"]
[EndTime "8:06:01 PDT"]
[Termination "BM223344 won on time"]

1. d4 Nf6 2. c4 g6 3. Nc3 d5 4. Nf3 Bg7 5. cxd5 Nxd5 6. e4 Nxc3 7. bxc3 c5 8. Be3 Nc6 9. Be2 O-O 10. O-O cxd4 11. cxd4 b6 12. Rc1 Bb7 13. d5 Ne5 14. Nxe5 Bxe5 15. f4 Bg7 16. Bf3 Qd7 17. Qb3 Rfc8 18. e5 Rxc1 19. Rxc1 Rc8 20. Rxc8+ Qxc8 21. a4 Bf8 22. Kf2 Qd7 23. e6 fxe6 24. dxe6 Qc8 25. Bxb7 Qxb7 26. Qd3 Qc6 27. f5 Qxa4 28. g3 Qa2+ 29.
Kg1 a5 30. Qe4 a4 31. fxg6 hxg6 32. Qxg6+ 1-0

[Event "Early-Titled-Tuesday-Blitz-May-07-2024"]
[Site "Chess.com"]
[Date "2024.05.07"]
[Round "1"]
[White "ChessSG1"]
[Black "KogotBobra17"]
[Result "0-1"]
[WhiteElo "2432"]
[BlackElo "2749"]
[TimeControl "180+1"]
[EndTime "8:06:06 PDT"]
[Termination "KogotBobra17 won on time"]

1. c4 Nf6 2. g3 e6 3. Bg2 d5 4. Nf3 dxc4 5. Qa4+ Nbd7 6. O-O a6 7. Qxc4 b5 8. Qc2 Bb7 9. a4 b4 10. d3 Be7 11. Nbd2 O-O 12. Nc4 c5 13. e4 Nb6 14.
Na5 Ra7 15. Nxb7 Rxb7 16. a5 Nbd7 17. Nd2 Ne5 18. Rd1 Qxd3 19. Qxd3 Nxd3 20. Nb3 c4 21. Nd4 Bc5 22. e5 Nd5 23. Bxd5 exd5 24. Be3 Nxb2 25.
Rdb1 Nd3 0-1

[Event "Early-Titled-Tuesday-Blitz-May-07-2024"]
[Site "Chess.com"]
[Date "2024.05.07"]
[Round "1"]
[White "h4parah5"]
[Black "DishonorOnYourCow"]
[Result "1-0"]
[WhiteElo "3016"]
[BlackElo "2529"]
[TimeControl "180+1"]
[EndTime "8:06:07 PDT"]
[Termination "h4parah5 won by resignation"]

1. Nf3 d5 2. e3 Nf6 3. b3 g6 4.
Bb2 Bg7 5. c4 c6 6. Be2 O-O 7. O-O a5 8. Nc3 Nbd7 9. Rc1 e5 10.
cxd5 cxd5 11. Nb5 e4 12. Nfd4 Ne5 13. Ba3 Bg4 14. Bxf8 Bxf8 15. Bxg4 Nfxg4 16. h3 Nf6 17. Rc7 Ne8 18. Rc2 Nd3 19. Qg4 Nf6 20. Qg3 Rc8 21.
Rxc8 Qxc8 22. Qc7 Qxc7 23. Nxc7 Bb4 24. Rd1 Kf8 25. Kf1 Ke7 26. Ke2 Kd7 27. Ncb5 h5 28. a3 Be7 29. Nc2 h4 30. Ne1 Nc5 31. Rb1 Kc6 32.
Nd4+ Kd7 33. d3 exd3+ 34. Nxd3 Nxd3 35. Kxd3 Bxa3 36. Ra1 Bb4 37. Nc2 Ne4 38. Nxb4 axb4 39. Kd4 Ke6 40. Ra5 Nxf2 41. Rxd5 Nd1 42. Rb5 Nc3 43.
Rb6+ Kf5 44. Rxb7 f6 45. Rxb4 Ne4 46. Rb5+ 1-0

[Event "Early-Titled-Tuesday-Blitz-May-07-2024"]
[Site "Chess.com"]
[Date "2024.05.07"]
[Round "1"]
[White "Smiechu"]
[Black "Aminazinas"]
[Result "0-1"]
[WhiteElo "2374"]
[BlackElo "2664"]
[TimeControl "180+1"]
[EndTime "8:06:07 PDT"]
[Termination "Aminazinas won by resignation"]

1. e4 e5 2. Nf3 Nc6 3. d4 exd4 4.
Nxd4 Nf6 5. Nxc6 bxc6 6. e5 Qe7 7. Qe2 Nd5 8. c4 Ba6 9. b3 g6 10. f4 Bg7 11. Qf2 Nb6 12. Be2 O-O 13. O-O d6 14. Ba3 c5 15. Nd2 Bb7 16. Bf3 Bxf3 17. Nxf3 Rad8 18. Rfe1 Qd7 19. Rad1 Qc6 20. Bb2 Rfe8 21.
Qh4 d5 22. cxd5 Nxd5 23. Ng5 h6 24. Ne4 c4 25. Nf6+ Nxf6 26. Rxd8 Rxd8 27. exf6 Bf8 28. bxc4 Qb6+ 29. Kh1 Qxb2 30. f5 g5 31. Qg3 Bd6 32.
Qh3 Qxf6 33. Qg4 Bb4 34. Rf1 Kg7 35. Qf3 Rd4 36. Qb7 Rxc4 37. Qxa7 Rf4 38. Rb1 Bd6 39. h3 Qxf5 40. Qa6 Qxb1+ 0-1

[Event "Early-Titled-Tuesday-Blitz-May-07-2024"]
[Site "Chess.com"]
[Date "2024.05.07"]
[Round "1"]
[White "Masterisback04"]
[Black "toninhojit"]
[Result "0-1"]
[WhiteElo "2015"]
[BlackElo "2555"]
[TimeControl "180+1"]
[EndTime "8:06:07 PDT"]
[Termination "toninhojit won on time"]

1. e4 e5 2. Nf3 Nc6 3. Bc4 Nf6 4.
d3 h6 5. Nc3 d6 6. Nd5 Nxd5 7.
Bxd5 Be7 8. a3 O-O 9. h3 Kh8 10. g4 Be6 11. g5 hxg5 12. Nxg5 Bxg5 13. Qh5+ Kg8 14. Bxg5 Ne7 15. Rg1 Bxd5 16. Bf6 Ng6 17. Bxd8 Raxd8 18. exd5 Nf4 19. Qf5 g6 20. Qg4 f5 21.
Qg5 Kf7 22. Rg3 Rh8 23. Rg1 Rde8 24. O-O-O Rh5 0-1

[Event "Early-Titled-Tuesday-Blitz-May-07-2024"]
[Site "Chess.com"]
[Date "2024.05.07"]
[Round "1"]
[White "Hasangatin_Ramil"]
[Black "Kostukov_Alex"]
[Result "1-0"]
[WhiteElo "2662"]
[BlackElo "2369"]
[TimeControl "180+1"]
[EndTime "8:06:09 PDT"]
[Termination "Hasangatin_Ramil won by resignation"]

1. d4 g6 2. e4 c5 3. d5 Bg7 4. Nf3 d6 5. Nc3 Nf6 6. Bb5+ Bd7 7. a4 O-O 8. h3 Na6 9. O-O Nc7 10. Bxd7 Qxd7 11. Re1 e5 12. dxe6 fxe6 13. e5 dxe5 14.
Nxe5 Qxd1 15. Nxd1 Rad8 16. Bg5 Rd5 17. Nc3 Rxe5 18.
Rxe5 Nd7 19. Re2 Rf7 20. Rd1 h6 21. Bc1 g5 22. Ne4 b6 23. c3 Ne5 24. Ng3 Bh8 25.
Rd8+ Rf8 26. Rxf8+ Kxf8 27. f4 Nf7 28. Ne4 gxf4 29. Bxf4 Nd5 30. Bb8 a6 31. a5 bxa5 32.
Nxc5 1-0

[Event "Early-Titled-Tuesday-Blitz-May-07-2024"]
[Site "Chess.com"]
[Date "2024.05.07"]
[Round "1"]
[White "lcmil"]
[Black "sokidze"]
[Result "0-1"]
[WhiteElo "2461"]
[BlackElo "2821"]
[TimeControl "180+1"]
[EndTime "8:06:10 PDT"]
[Termination "sokidze won by resignation"]

1. e4 c6 2. d4 d5 3. e5 Bf5 4. Nc3 e6 5. g4 Bg6 6. Nge2 c5 7.
h4 h5 8. Nf4 Bh7 9. Nxh5 Nc6 10. dxc5 Bxc5 11. Bg5 Qb6 12. Nxg7+ Kf8 13. Nxe6+ fxe6 14. Qf3+ Ke8 15. O-O-O Nge7 16. Qf6 Rf8 17. Qxe6 Rxf2 18.
Bd3 Bxd3 19. Rxd3 Nb4 20. Qxb6 Nxd3+ 21. cxd3 axb6 22. h5 Kf7 23. Bf6 Bd4 24. g5 Bxc3 25. g6+ Ke6 0-1

[Event "Early-Titled-Tuesday-Blitz-May-07-2024"]
[Site "Chess.com"]
[Date "2024.05.07"]
[Round "1"]
[White "vugarrasulov"]
[Black "Kostya0705"]
[Result "1-0"]
[WhiteElo "2963"]
[BlackElo "2525"]
[TimeControl "180+1"]
[EndTime "8:06:14 PDT"]
[Termination "vugarrasulov won by checkmate"]

1. d4 Nf6 2. c4 e6 3. Nc3 Bb4 4. Nf3 c5 5. Bg5 h6 6. Bh4 O-O 7. e3 b6 8. Be2 Bb7 9. O-O Bxc3 10. bxc3 d6 11. Nd2 Nbd7 12. a4 Qc7 13. a5 bxa5 14. Qa4 Ne4 15. Nxe4 Bxe4 16. Qxa5 Nb6 17. Bg3 Qc6 18. f3 Bg6 19. Qa6 Rfc8 20. Rfc1 Rc7 21. Ra5 Nd7 22. Qxc6 Rxc6 23. Rca1 a6 24. Kf2 Kf8 25.
e4 Rb6 26. h4 f5 27. e5 dxe5 28. Bxe5 Nxe5 29. dxe5 Rc6 30. f4 Ra7 31. Bf3 Rb6 32. Rxc5 Ke7 33. Rc8 Be8 34. c5 Rb3 35. c6 Rxc3 36.
Rb1 Bxc6 37. Bxc6 a5 38. Rbb8 a4 39. h5 a3 40. Re8+ Kf7 41. Rf8+ Ke7 42. Rbe8# 1-0